 Dungeon Crawl Stone Soup version 0.20-a0-1018-ge435b50 (webtiles) character file.

148 George the Slasher (level 5, -3/41 HPs)
             Began as a Demonspawn Gladiator on Apr 17, 2017.
             Was a Follower of Wu Jian.
             Slain by an ogre
             ... wielding a +0 giant club
              (23 damage)
             ... on level 4 of the Dungeon.
             The game lasted 00:04:10 (2531 turns).

George the Slasher (Demonspawn Gladiator)           Turns: 2531, Time: 00:04:11

Health: -3/41      AC:  7    Str: 15    XL:     5   Next: 8%
Magic:  5/5        EV: 12    Int: 10    God:    Wu Jian [*.....]
Gold:   84         SH:  0    Dex: 14    Spells: 4/4 levels left

rFire    . . .     SeeInvis .   a - +0 long sword
rCold    . . .     Gourm    .   (no shield)
rNeg     . . .     Faith    .   j - +0 ring mail
rPois    .         Spirit   .   c - +0 helmet
rElec    .         Reflect  .   (no cloak)
rCorr    .         Harm     .   (no gloves)
MR       .....                  (no boots)
Stlth    ++........             (no amulet)
Regen    0.2/turn               (no ring)
MPRegen  0.1/turn               (no ring)

@: no status effects
A: rugged brown scales 1, nightstalker 1
a: Renounce Religion


You were on level 4 of the Dungeon.
You worshipped Wu Jian.
Wu Jian was aware of your devotion.
You were hungry.

You visited 1 branch of the dungeon, and saw 4 of its levels.

You collected 84 gold pieces.

Inventory:

Hand Weapons
 a - a +0 long sword (weapon)
Missiles
 d - 3 throwing nets (quivered)
Armour
 c - a +0 helmet (worn)
 j - a +0 ring mail (worn)
Wands
 m - a wand of confusion (11/48)
Scrolls
 b - 5 scrolls of identify {unknown}
 e - 6 scrolls of teleportation {unknown}
 l - 2 scrolls of magic mapping {unknown}
 n - 2 scrolls of amnesia {unknown}
 p - 3 scrolls of blinking {unknown}
 r - a scroll of enchant weapon {unknown}
 s - 2 scrolls of noise {unknown}
Potions
 i - a potion of brilliance {unknown}
 o - a potion of flight {unknown}
Books
 q - a book of Maledictions

   Spells                             Type                      Level
   a - Corona                         Hexes                        1
   b - Ensorcelled Hibernation        Hexes/Ice                    2
   c - Confuse                        Hexes                        3
   d - Tukima's Dance                 Hexes                        3
   e - Dazzling Spray                 Conjuration/Hexes            3
Comestibles
 f - a bread ration
 g - 3 fruits
 h - 3 royal jellies


   Skills:
 + Level 2.8 Fighting
 * Level 3.8 Long Blades
 + Level 2.3 Throwing
 + Level 1.4 Armour
 + Level 3.2 Dodging


You had 4 spell levels left.
You didn't know any spells.

Dungeon Overview and Level Annotations

Branches:
Dungeon (4/15)
 Temple: D:4-7

Altars:
Wu Jian


Innate Abilities, Weirdness & Mutations

You are partially covered in rugged brown scales. (AC +1, +3% HP)
You are slightly more attuned to the shadows.


Message History

The ogre is lightly wounded.
You are feeling hungry.
Throwing (i - inventory. (,) - cycle):
k - a tomahawk (quivered)
Press: ? - help, Shift-Dir - straight line, f/p - ogre
Aim: an ogre, wielding a giant club (lightly wounded)
You throw a tomahawk. The tomahawk barely misses the ogre.
You barely miss the ogre.
The ogre is lightly wounded.
The ogre hits you with a giant club!
You are too injured to fight recklessly!
You are too injured to fight recklessly!
You are too injured to fight recklessly!
You hit the ogre.
The ogre is lightly wounded.
The ogre closely misses you.
You barely miss the ogre.
The ogre is lightly wounded.
The ogre hits you with a giant club!!
Ouch! That really hurt!
You die...

#.. .(.
#(# ##.##
...
##O######
#.@....!.
#........
#.#######
#......#
#<.###.#
#...<#
######


You could see an ogre.

Vanquished Creatures
  An orc wizard (D:3)
  An iguana (D:4)
  2 adders (D:3)
  2 worms
  2 dart slugs
  A leopard gecko (D:2)
  2 orcs (D:3)
  4 bats
  4 giant cockroaches
  5 goblins
  5 hobgoblins
  3 jackals (D:1)
  3 quokkas (D:3)
  6 frilled lizards
  12 kobolds
  15 rats
68 creatures vanquished.

Notes
Turn   | Place    | Note
-------+----------+-------------------------------------------
     0 | D:1      | George the Demonspawn Gladiator began the quest for the Orb.
     0 | D:1      | Reached XP level 1. HP: 16/16 MP: 1/1
   294 | D:1      | Gained mutation: You are partially covered in rugged brown scales. (AC +1, +3% HP) [demonic ancestry]
   294 | D:1      | Reached XP level 2. HP: 15/22 MP: 2/2
  1139 | D:2      | Reached XP level 3. HP: 25/28 MP: 3/3
  1398 | D:2      | Found an ornate altar of the Wu Jian Council.
  1417 | D:2      | Became a worshipper of the Wu Jian Council
  1638 | D:3      | Reached skill level 1 in Armour
  1925 | D:3      | Gained mutation: You are slightly more attuned to the shadows. [demonic ancestry]
  1925 | D:3      | Reached XP level 4. HP: 35/35 MP: 4/4
  2306 | D:3      | Reached * piety under Wu Jian
  2521 | D:4      | Reached XP level 5. HP: 33/41 MP: 5/5
  2525 | D:4      | Noticed an ogre
  2531 | D:4      | Slain by an ogre

Vault maps used:
D:1:      dpeg_arrival_ratfight
D:2:      lemuel_round_altar
D:4:      chequers_temple_overflow_minitemple, nicolae_ossuary_entry_monument,
          evilmike_ruin_ashenzari

Skill      XL: |  1  2  3 |
---------------+----------+-----
Long Blades    | 3 |  3.8
Throwing       | 2 |  2.3
Armour         | 1 |  1.4
Dodging        | 3 |  3.2
Fighting       | |  2.8

Action                   |  1- 3 |  4- 6 || total
-------------------------+-------+-------++-------
Melee: Long sword        |   121 |    64 ||   185
Throw: Tomahawk          |     2 |     4 ||     6
 Stab: Sleeping          |       |     1 ||     1
  Eat: Chunk             |     3 |     2 ||     5
Armor: Leather armour    |    22 |       ||    22
       Ring mail         |    27 |    21 ||    48
Dodge: Dodged            |    80 |    33 ||   113
       Rpst.: Long sword |    32 |    16 ||    48
